 Dungeon Sprint DCSS version 0.30.1-11-g7821555f0a (webtiles) character file.

Game seed: 4287794487047651544

35628 Heoruswealwe the Minotaur Porcupine (level 13, -5/148 HPs)
             Began as a Minotaur Fighter on Nov 15, 2023.
             Was an Initiate of Gozag.
             Splashed by a goliath frog's acid (8 damage)
             ... in the Dungeon (Sprint IX: "|||||||||||||||||||||||||||||").
             The game lasted 00:25:52 (3263 turns).

Heoruswealwe the Minotaur Porcupine (MiFi)          Turns: 3263, Time: 00:25:55

Health: -5/148     AC: 44    Str: 37    XL:     13   Next: 48%
Magic:  12/12      EV:  8    Int:  8    God:    Gozag
Gold:   1981       SH:  0    Dex: 10    Spells: 12/12 levels left

rFire   + . .        b - +5 Lochaber axe {reach-cleave, Poleaxe Drain}
rCold   . . .        (shield currently unavailable)
rNeg    . . .        c - +8 orange crystal plate armour {Archmagi, Int+3 Clar}
rPois   +            (helmet restricted)
rElec   .            h - +0 cloak
rCorr   .            f - +0 pair of gloves
SInv    .            e - +1 pair of boots {rampage}
Will    .....        i - amulet of Cyetz {Faith rPois Str+8} Stlth
                     k - +3 ring of strength
HPRegen 0.44/turn    j - ring of protection from fire
MPRegen 0.13/turn

%: no teleportation, clarity, rampage, faith, archmagi
@: gold aura
A: horns 2, retaliatory headbutt
a: Renounce Religion, Potion Petition, Call Merchant, Bribe Branch


You were in the Dungeon.
You worshipped Gozag.
Gozag was most pleased with you.
You visited 1 branch You collected 12412 gold pieces.
You spent 8143 gold pieces at shops.
You paid 2288 gold pieces to Gozag.

Inventory:

Hand Weapons
 a - a +0 trident
 b - the +5 Lochaber axe (weapon) {reach-cleave, Poleaxe Drain}
   (You bought it in a shop in the Dungeon)

   Poleaxe:   It uses either Axes or Polearms skill, whichever is higher.
   Drain:     It drains your maximum health when unequipped.
 p - a +0 glaive
Armour
 c - the +8 orange crystal plate armour (worn) {Archmagi, Int+3 Clar}
   (You bought it in a shop in the Dungeon)

   Int:       It affects your intelligence (+3).
   Clar:      It protects you from confusion, rage, mesmerisation and fear.
 d - a +0 kite shield of protection
 e - a +1 pair of boots of rampaging (worn)
 f - a +0 pair of gloves (worn)
 h - a +0 cloak (worn)
Jewellery
 i - the amulet of Cyetz (around neck) {Faith rPois Str+8}
   (You bought it in a shop in the Dungeon)

   [amulet of faith]

   It allows you to gain divine favour quickly.
   Str:       It affects your strength (+8).
   rPois:     It protects you from poison.
 j - a ring of protection from fire (right hand)
 k - a +3 ring of strength (left hand)
 q - a ring of protection from cold
Wands
 r - a wand of iceblast (19)
 C - a wand of polymorph (4)
Scrolls
 o - 6 scrolls of identify
 s - 7 scrolls of blinking
 t - 4 scrolls of enchant armour
 x - a scroll of silence
Potions
 g - a potion of haste
 l - 2 potions of mutation
 m - 2 potions of might
 n - 9 potions of heal wounds
 y - 3 potions of berserk rage
 A - 4 potions of curing
Miscellaneous
 B - a phantom mirror


   Skills:
 + Level 23.5 Fighting
 O Level 27 Polearms
 + Level 23.6 Armour
 - Level 3.6 Shields


You had 12 spell levels left.
You didn't know any spells.
Your spell library was empty.

Dungeon Overview and Level Annotations

Branches:
Dungeon (1/1)

Altars:
Cheibriados
Dithmenos
Elyvilon
Fedhas
Gozag
Hepliaklqana
Kikubaaqudgha
Makhleb
Nemelex Xobeh
Okawaru
Qazlal
Ru
Sif Muna
Trog
Uskayaw
Vehumet
Wu Jian
Xom
Yredelemnul
Zin
The Shining One
Jiyva
Lugonu

Shops:
D *?([*[


Innate Abilities, Weirdness & Mutations

You have a pair of horns on your head.
You reflexively headbutt those who attack you in melee.


Message History

The tyrant leech draws strength from your injuries!
You closely miss the tyrant leech.
The tyrant leech is heavily wounded.
You slash the alligator!
The bunyip is no longer distracted by gold.
You miss the tyrant leech.
The tyrant leech is heavily wounded.
You barely miss the alligator. The tyrant leech bites you!
The tyrant leech draws strength from your injuries!
You slice the tyrant leech!!
You kill the tyrant leech!
You barely miss the alligator. You barely miss the alligator.
You headbutt the alligator, but do no damage.
The alligator is heavily wounded.
The alligator bites you but does no damage.
The alligator tail-slaps you.
You completely miss the alligator. You headbutt the alligator.
The alligator is heavily wounded.
You slice the bunyip!!
The alligator no longer looks unusually strong.
The alligator barely misses you. The alligator tail-slaps you.
You slice the alligator!!
You kill the alligator!
You hit the bunyip. You slash the bunyip!
The bunyip is heavily wounded.
You barely miss the goliath frog. The bunyip claws you! x2
The bunyip claws you!!!
* * * LOW HITPOINT WARNING * * *
The goliath frog is distracted by your dazzling golden aura.
You open the bunyip like a pillowcase!!!
The bunyip is almost dead.
You slice the goliath frog!!
The goliath frog is no longer distracted by gold.
The goliath frog hits you from afar!!
* * * LOW HITPOINT WARNING * * *
You are splashed with acid!
You die...
Your body crumbles into a pile of gold.

,,,,,,,,,,,,,,,,,,,,,,,,,,,,,,,,,
*********************************
,,,,,,,,,,,,,,,,,,,,,,,,,,,,,,,,,
*********************************
,,,,,,,,,,,,,,,,+,,,,,,,,,,,,,,,,
*********************************
,,,,,,,,,,,,,,,,,,,,,,,,,,,,,,,,,
▓▓▓▓▓▓▓▓▓▓▓▓▓▓▓♣♣♣♣♣♣♣♣♣*********
))...'........$$@xF.....,+,,,,,,,
▓▓▓▓▓▓▓▓▓▓▓▓▓▓▓♣♣♣♣♣♣♣♣♣♣▓▓▓▓▓▓▓▓
............................)...)
▓▓▓▓▓▓▓▓▓▓▓▓▓▓▓▓▓▓▓▓▓▓▓▓▓▓▓▓▓▓▓▓▓
))).[[[[[[[[.?........))...().(..
▓▓▓▓▓▓▓▓▓▓▓▓▓▓▓▓▓▓▓▓▓▓▓▓▓▓▓▓▓▓▓▓▓
.....................))..........
▓▓▓▓▓▓▓▓▓▓▓▓▓▓▓▓▓▓▓▓▓▓▓▓▓▓▓▓▓▓▓▓▓
))))...'))))))[[)...)[....∩.∩.∩.∩


You could see a bunyip (strong) and a goliath frog (strong).

Vanquished Creatures
  A lich (D)
  Agnes (D)
  2 stone giants (D)
  A very ugly thing (D)
  A vampire knight (D)
  Nessos (D)
  A bunyip (D)
  Josephine (D)
  An entropy weaver (D)
  Harold (D)
  A hydra (D)
  5 ogre magi (D)
  A boulder beetle (D)
  2 salamander tyrants (D)
  2 two-headed ogres (D)
  A centaur warrior (D)
  A death knight (D)
  A naga warrior (D)
  A deep troll earth mage (D)
  An alligator (D)
  2 tengu warriors (D)
  A naga sharpshooter (D)
  A spriggan (D)
  A pharaoh ant (D)
  A bog body (D)
  2 spriggan druids (D)
  A mana viper (D)
  A deep elf pyromancer (D)
  An orc sorcerer (D)
  2 orc knights (D)
  2 wolf spiders (D)
  2 manticores (D)
  3 black mambas (D)
  2 torpor snails (D)
  A guardian serpent (D)
  A cane toad (D)
  A kobold demonologist (D)
  2 komodo dragons (D)
  A meliai (D)
  A troll (D)
  A tyrant leech (D)
  A hornet (D)
  A tarantella (D)
  3 slime creatures (D)
  A jumping spider (D)
  4 yaks (D)
  5 wraiths (D)
  A shadow (D)
  A culicivora (D)
  2 wyverns (D)
  A basilisk (D)
  2 vampire mosquitoes (D)
  An acid dragon (D)
  2 nagas (D)
  3 hell hounds (D)
  2 water moccasins (D)
  8 orc warriors (D)
  7 ogres (D)
  6 wolves (D)
  A phantom (D)
  2 bullfrogs (D)
  A killer bee (D)
  4 orc priests (D)
  4 orc wizards (D)
  A sleepcap (D)
  2 iguanas (D)
  A dart slug (D)
  6 orcs (D)
  A bat (D)
  3 goblins (D)
  A kobold (D)
135 creatures vanquished.

Notes
Turn   | Place    | Note
-------+----------+-------------------------------------------
     0 | D        | Heoruswealwe the Minotaur Fighter began the quest for the
                  | Orb.
     0 | D        | Reached XP level 1. HP: 19/19 MP: 0/0
     9 | D        | Reached skill level 3 in Polearms
    21 | D        | Reached skill level 4 in Polearms
    28 | D        | Noticed a phantom
    28 | D        | Noticed an iguana
    28 | D        | Noticed an iguana
    28 | D        | Noticed a sleepcap
    30 | D        | Reached XP level 2. HP: 28/28 MP: 1/1
    33 | D        | Killed a phantom
    34 | D        | Reached skill level 7 in Polearms
    34 | D        | Reached XP level 3. HP: 35/37 MP: 2/2
    34 | D        | Reached XP level 4. HP: 42/44 MP: 3/3
    37 | D        | Reached skill level 8 in Polearms
    53 | D        | Reached skill level 9 in Polearms
    53 | D        | Reached XP level 5. HP: 35/52 MP: 4/4
    59 | D        | Found a snail-covered altar of Cheibriados.
    59 | D        | Found a shadowy altar of Dithmenos.
    59 | D        | Found a white marble altar of Elyvilon.
    59 | D        | Found a blossoming altar of Fedhas.
    59 | D        | Found an opulent altar of Gozag.
    60 | D        | Found a hazy altar of Hepliaklqana.
    61 | D        | Found a viscous altar of Jiyva.
    62 | D        | Found an ancient bone altar of Kikubaaqudgha.
    63 | D        | Found a corrupted altar of Lugonu.
    64 | D        | Found a burning altar of Makhleb.
    65 | D        | Found a sparkling altar of Nemelex Xobeh.
    66 | D        | Found an iron altar of Okawaru.
    67 | D        | Became a worshipper of Gozag Ym Sagoz the Greedy
    68 | D        | Found a stormy altar of Qazlal.
    69 | D        | Found a sacrificial altar of Ru.
    70 | D        | Found a shimmering blue altar of Sif Muna.
    71 | D        | Found a bloodstained altar of Trog.
    72 | D        | Found a hide-covered altar of Uskayaw.
    73 | D        | Found a radiant altar of Vehumet.
    74 | D        | Found an ornate altar of the Wu Jian Council.
    75 | D        | Found a shimmering altar of Xom.
    76 | D        | Found a basalt altar of Yredelemnul.
    77 | D        | Found a glowing silver altar of Zin.
    78 | D        | Found a glowing golden altar of the Shining One.
   139 | D        | Noticed a wraith
   139 | D        | Noticed a two-headed ogre
   139 | D        | Noticed a shadow
   139 | D        | Noticed a vampire mosquito
   139 | D        | Noticed a kobold demonologist
   141 | D        | Noticed a soul eater
   143 | D        | Killed a wraith
   144 | D        | Reached skill level 11 in Polearms
   144 | D        | Reached XP level 6. HP: 57/62 MP: 5/5
   146 | D        | Noticed a rust devil
   150 | D        | Killed a two-headed ogre
   151 | D        | Reached skill level 10 in Fighting
   151 | D        | Reached skill level 14 in Polearms
   151 | D        | Reached skill level 10 in Armour
   151 | D        | Reached XP level 7. HP: 25/73 MP: 6/6
   156 | D        | Killed a shadow
   157 | D        | Reached XP level 8. HP: 42/82 MP: 7/7
   164 | D        | Reached skill level 15 in Polearms
   176 | D        | Killed a kobold demonologist
   382 | D        | Noticed a troll
   382 | D        | Noticed a manticore
   382 | D        | Noticed a boulder beetle
   382 | D        | Noticed a slime creature
   382 | D        | Noticed a centaur warrior
   384 | D        | Killed a troll
   385 | D        | Reached skill level 16 in Polearms
   393 | D        | Killed a manticore
   394 | D        | Reached XP level 9. HP: 47/92 MP: 8/8
   406 | D        | Reached skill level 17 in Polearms
   413 | D        | Killed a boulder beetle
   414 | D        | Reached skill level 18 in Polearms
   418 | D        | Killed a centaur warrior
   766 | D        | Noticed a komodo dragon
   766 | D        | Noticed a cane toad
   766 | D        | Noticed a black mamba
   777 | D        | Killed a komodo dragon
   778 | D        | Reached skill level 19 in Polearms
   780 | D        | Noticed a komodo dragon
   786 | D        | Killed a cane toad
   787 | D        | Reached XP level 10. HP: 67/104 MP: 9/9
   794 | D        | Killed a black mamba
   809 | D        | Reached skill level 20 in Polearms
   812 | D        | Reached skill level 15 in Fighting
   812 | D        | Reached skill level 15 in Armour
   996 | D        | Noticed a black mamba
   996 | D        | Noticed an eight-headed hydra
  1000 | D        | Killed a black mamba
  1014 | D        | Killed a 14-headed hydra
  1015 | D        | Reached skill level 21 in Polearms
  1245 | D        | Noticed an orc knight
  1255 | D        | Reached XP level 11. HP: 80/114 MP: 10/10
  1264 | D        | Killed an orc knight
  1265 | D        | Reached skill level 22 in Polearms
  1479 | D        | Noticed an orc sorcerer
  1479 | D        | Noticed an orc knight
  1487 | D        | Killed an orc sorcerer
  1493 | D        | Killed an orc knight
  1702 | D        | Found Ofekk's General Store.
  1702 | D        | Noticed an ogre mage
  1707 | D        | Noticed an ogre mage
  1713 | D        | Noticed a two-headed ogre
  1716 | D        | Killed an ogre mage
  1717 | D        | Reached skill level 23 in Polearms
  1727 | D        | Killed an ogre mage
  1734 | D        | Killed a two-headed ogre
  1742 | D        | Found Ogiunoge's Magic Scroll Shoppe.
  1746 | D        | Found Umniece's Distillery.
  1748 | D        | Noticed an ogre mage
  1749 | D        | Found Niman's Antique Weapon Shoppe.
  1763 | D        | Killed an ogre mage
  1764 | D        | Noticed an ogre mage
  1765 | D        | Noticed an ogre mage
  1782 | D        | Killed an ogre mage
  1783 | D        | Reached skill level 24 in Polearms
  1793 | D        | Killed an ogre mage
  1875 | D        | Bought a scroll of magic mapping for 90 gold pieces
  1875 | D        | Bought a potion of attraction for 36 gold pieces
  1877 | D        | Bought a scroll of identify for 22 gold pieces
  1877 | D        | Bought a scroll of blinking for 82 gold pieces
  1877 | D        | Bought a scroll of identify for 22 gold pieces
  1877 | D        | Bought a scroll of identify for 22 gold pieces
  1877 | D        | Bought a scroll of vulnerability for 44 gold pieces
  1879 | D        | Bought 2 potions of brilliance for 88 gold pieces
  1879 | D        | Bought a potion of curing for 33 gold pieces
  1879 | D        | Bought a potion of curing for 33 gold pieces
  1879 | D        | Bought a potion of heal wounds for 55 gold pieces
  1879 | D        | Bought a potion of heal wounds for 55 gold pieces
  1879 | D        | Bought a potion of heal wounds for 55 gold pieces
  1879 | D        | Bought a potion of berserk rage for 55 gold pieces
  1879 | D        | Bought a potion of curing for 33 gold pieces
  1881 | D        | Bought the +5 Lochaber axe {reach-cleave, Poleaxe Drain}
                  | for 885 gold pieces
  1881 | D        | Found the +5 Lochaber axe {reach-cleave, Poleaxe Drain}
  1884 | D        | Bought a runed kite shield for 202 gold pieces
  1887 | D        | Bought a scroll labelled QEELIO DINUNT for 24 gold pieces
  1887 | D        | Bought a twitching ivory amulet for 120 gold pieces
  1887 | D        | Identified the amulet of Cyetz {Faith rPois Str+8} (You
                  | bought it in a shop in the Dungeon)
  1887 | D        | Bought an embroidered scarf for 192 gold pieces
  1887 | D        | Bought a scroll of identify for 48 gold pieces
  1887 | D        | Bought a pair of embroidered boots for 180 gold pieces
  1887 | D        | Bought a phantom mirror for 960 gold pieces
  1887 | D        | Bought a bone wand for 96 gold pieces
  1893 | D        | Bought a pair of glowing boots for 232 gold pieces
  2072 | D        | Noticed Harold
  2080 | D        | Noticed Josephine
  2085 | D        | Killed Harold
  2089 | D        | Killed Josephine
  2090 | D        | Reached XP level 12. HP: 79/128 MP: 11/11
  2369 | D        | Noticed a tengu warrior
  2369 | D        | Noticed a death knight
  2372 | D        | Reached skill level 25 in Polearms
  2377 | D        | Killed a death knight
  2384 | D        | Killed a tengu warrior
  2390 | D        | Noticed a stone giant
  2391 | D        | Noticed a purple very ugly thing
  2395 | D        | Noticed a tengu warrior
  2400 | D        | Killed a stone giant
  2400 | D        | Noticed a stone giant
  2405 | D        | Killed a purple very ugly thing
  2406 | D        | Reached skill level 26 in Polearms
  2407 | D        | Noticed a deep troll earth mage
  2410 | D        | Killed a tengu warrior
  2411 | D        | Noticed a vampire knight
  2412 | D        | Noticed a lich
  2415 | D        | Killed a stone giant
  2422 | D        | Killed a deep troll earth mage
  2423 | D        | Killed a lich
  2425 | D        | Killed a vampire knight
  2426 | D        | Reached skill level 27 in Polearms
  2747 | D        | Bought the +8 orange crystal plate armour {Archmagi, Int+3
                  | Clar} for 4479 gold pieces
  2747 | D        | Found the +8 orange crystal plate armour {Archmagi, Int+3
                  | Clar}
  2950 | D        | Noticed Agnes
  2957 | D        | Killed Agnes
  2968 | D        | Noticed Nessos
  2976 | D        | Killed Nessos
  3041 | D        | Noticed a salamander tyrant
  3041 | D        | Noticed a naga warrior
  3041 | D        | Noticed a salamander tyrant
  3044 | D        | Killed a salamander tyrant
  3050 | D        | Killed a salamander tyrant
  3051 | D        | Reached XP level 13. HP: 143/143 MP: 12/12
  3235 | D        | Noticed a bunyip
  3244 | D        | Killed a bunyip
  3245 | D        | Noticed a bunyip
  3263 | D        | HP: 3/148 [goliath frog (29)]
  3263 | D        | Splashed by a goliath frog's acid

Illustrated notes

Levels and vault maps discovered:
D:        linesprint [early_d, line_temple, items_1, d_10, items_2, lair_1,
          lair_end, items_3, orc_1, orc_end, items_4, d_15, swamp_1, shoals_1,
          snake_1, spider_1, d_20, vaults_1, items_5, swamp_end, shoals_end,
          snake_end, spider_end, vaults_end, d_27, items_6, zot_1, zot_end,
          crypt_end, forest_end, elf_end, slime_end, tomb_end, abyss_end,
          pan_hell_end]

Skill      XL: |  1  2  3  4  5  6  7  8  9 10 11 12 13 |
---------------+----------------------------------------+-----
Polearms       | 4 7 9 11 14 16 19 21 24 27 | 27.0
Fighting       | 4 6 7 8 10 11 12 14 16 18 21 23 | 23.5
Armour         | 4 6 7 8 10 11 12 14 16 18 21 23 | 23.6
Shields        | |  3.6

Action                     |  1- 3 |  4- 6 |  7- 9 | 10-12 | 13-15 || total
---------------------------+-------+-------+-------+-------+-------++-------
  Melee: Trident           |    20 |    18 |       |       |       ||    38
         Headbutt          |     2 |     4 |    23 |    47 |    11 ||    87
         Halberd           |       |     9 |    80 |   212 |       ||   301
         Lochaber axe      |       |       |       |    84 |    62 ||   146
 Invoke: Call Merchant     |       |       |       |     3 |       ||     3
    Use: Potion            |       |     2 |     2 |     6 |       ||    10
         Scroll            |       |       |       |     2 |       ||     2
   Stab: Distracted        |       |       |     1 |     4 |     2 ||     7
 Armour: Scale mail        |     5 |     1 |       |       |       ||     6
         Chain mail        |       |     4 |    32 |    52 |       ||    88
         Plate armour      |       |       |       |    27 |       ||    27
         Shadow dragon sca |       |       |       |    33 |       ||    33
         Crystal plate arm |       |       |       |    14 |    33 ||    47
  Dodge: Dodged            |     7 |    12 |    19 |    73 |    10 ||   121
  Block: Buckler           |     1 |     2 |       |       |       ||     3
